 Dungeon Crawl Stone Soup version 0.28-a0-984-g3775c662fe (webtiles) character file.

Game seed: 1758401302420089819

473440 amoryguerra the Conqueror (level 23, -20/360 HPs)
             Began as a Minotaur Berserker on Dec 2, 2021.
             Was a High Priest of Trog.
             Demolished by a fire giant (23 damage)
             ... on level 5 of the Vaults on Dec 3, 2021.
             The game lasted 06:02:36 (58426 turns).

amoryguerra the Conqueror (Minotaur Berserker)     Turns: 58426, Time: 06:02:36

Health: -20/360    AC: 30    Str: 24    XL:     23   Next: 57%
Magic:  22/22      EV: 17    Int:  7    God:    Trog [*****.]
Gold:   1177       SH:  0    Dex: 19    Spells: 22/22 levels left

rFire   + . .      SeeInvis .   Z - +9 battleaxe (flame)
rCold   . . .      Faith    .   (shield currently unavailable)
rNeg    + . .      Spirit   .   U - +6 crystal plate armour
rPois   +          Reflect  .   N - +2 hat
rElec   +          Harm     .   o - +2 cloak
rCorr   .          Rampage  +   V - +2 pair of gloves of Whack-A-Mole {rPois}
Will    +++++      Clarity  +   g - +2 pair of boots {rampage}
Stlth   ..........              a - amulet of the Four Winds {rN+ Will+++ Clar}
HPRegen 1.70/turn               R - ring of protection from fire
MPRegen 0.18/turn               d - ring "Giugroatt" {Fly rElec Int+3}

@: berserking (expiring), strong-willed (expiring), corroded, flying,
regenerating (expiring), very quick
A: horns 2, retaliatory headbutt
}: 2/15 runes: barnacled, gossamer
a: Renounce Religion, Berserk, Trog's Hand, Brothers in Arms


You were on level 5 of the Vaults.
You worshipped Trog.
Trog was extremely pleased with you.
You visited 9 branches of the dungeon, and saw 44 of its levels.
You visited the Abyss 1 time.
You also visited: Bailey and Volcano.

You collected 5535 gold pieces.
You spent 4358 gold pieces at shops.

Inventory:

Hand Weapons
 K - the +9 battleaxe of Luxury {flame, *Rage Drain +Blink Str+10}
   (Trog gifted it to you on level 4 of the Shoals)

   It burns those it strikes, dealing additional fire damage.
   Big, fiery blades are also staple armaments of hydra-hunters.
   Str:       It affects your strength (+10).
   +Blink:    It lets you blink.
   *Rage:     It berserks you when you make melee attacks (+20% chance).
   Drain:     It drains your maximum health when unequipped.
 O - a +3 vorpal longbow
 Y - a +6 executioner's axe of draining
 Z - a +9 battleaxe of flaming (weapon)
Missiles
 c - 1671 stones
 e - 1600 arrows
 i - 1007 bolts
 C - 81 poisoned darts (quivered)
Armour
 g - a +2 pair of boots of rampaging (worn)
 o - a +2 cloak (worn)
 N - a +2 hat (worn)
 U - a +6 crystal plate armour (worn)
 V - the +2 pair of gloves of Whack-A-Mole (worn) {rPois}
   (You bought it in a shop on level 2 of the Orcish Mines)

   rPois:     It protects you from poison.
 X - the +18 shield of the Gong {rElec rN+ Will+ EV-5}
   (You took it off a deep elf death mage on level 3 of the Elven Halls)

   It is deafeningly noisy when blocking attacks.
   EV:        It affects your evasion (-5).
   rElec:     It insulates you from electricity.
   rN:        It protects you from negative energy.
   Will:      It increases your willpower.
Jewellery
 a - the amulet of the Four Winds (around neck) {rN+ Will+++ Clar}
   (You took it off a deep elf demonologist on level 3 of the Elven Halls)

   [amulet of nothing]

   rN:        It protects you from negative energy.
   Clar:      It protects you against confusion.
   Will:      It greatly increases your willpower.
 d - the ring "Giugroatt" (right hand) {Fly rElec Int+3}
   (You bought it in a shop on level 2 of the Orcish Mines)

   [ring of flight]

   Int:       It affects your intelligence (+3).
   rElec:     It insulates you from electricity.
   Fly:       It grants you flight.
 w - a ring of resist corrosion
 L - a ring of protection from cold
 R - a ring of protection from fire (left hand)
 W - a ring of see invisible
Wands
 b - a wand of paralysis (16)
 r - a wand of flame (91)
 u - a wand of acid (35)
 H - a wand of mindburst (5)
 I - a wand of digging (15)
 J - a wand of iceblast (12)
 M - a wand of charming (9)
 S - a wand of polymorph (20)
Scrolls
 f - 7 scrolls of magic mapping
 l - 10 scrolls of fog
 n - a scroll of silence
 p - 24 scrolls of identify
 v - 4 scrolls of summoning
 x - 4 scrolls of immolation
 y - 9 scrolls of blinking
 z - 10 scrolls of holy word
 F - 12 scrolls of teleportation
 P - 2 scrolls of acquirement
 Q - 7 scrolls of fear
Potions
 h - 7 potions of ambrosia
 j - 5 potions of resistance
 k - 3 potions of invisibility
 m - 5 potions of magic
 s - 17 potions of curing
 t - 10 potions of might
 A - 4 potions of berserk rage
 B - 11 potions of lignification
 D - 14 potions of heal wounds
 E - 14 potions of mutation
 T - 6 potions of cancellation
Miscellaneous
 q - a phial of floods
 G - a tin of tremorstones (2/2)


   Skills:
 O Level 27 Fighting
 - Level 26.6(26.8) Axes
 + Level 7.2(18.9) Maces & Flails
 + Level 25.3 Armour
 * Level 22.2 Dodging


You had 22 spell levels left.
You didn't know any spells.
Your spell library was empty.

Dungeon Overview and Level Annotations

Branches:
Dungeon (15/15)            Temple (1/1) D:6            Lair (6/6) D:10
 Shoals (4/4) Lair:4       Spider (4/4) Lair:3        Slime (0/5) Lair:6
    Orc (2/2) D:9             Elf (3/3) Orc:2        Vaults (5/5) D:13
  Crypt (0/3) Vaults:2     Depths (4/4) D:15            Zot (0/5) Depths:4
 Bailey (visited)         Volcano (visited)

Altars:
Ashenzari
Cheibriados
Dithmenos
Elyvilon
Fedhas
Gozag
Hepliaklqana
Kikubaaqudgha
Makhleb
Nemelex Xobeh
Okawaru
Qazlal
Ru
Trog
Uskayaw
Vehumet
Wu Jian
Xom
Yredelemnul
Zin
The Shining One
Jiyva

Shops:
D:5 =   D:14 [   Orc:1 *   Orc:2 =*[(   Elf:2 ?[!(*   Shoals:4 *   Vaults:4 [
Depths:1 *:?   Depths:2 :=:   Depths:3 *

Portals:
Hell: Depths:1 Depths:2 Depths:3 Depths:4
Abyss: Depths:3
Pandemonium: Depths:2
Ziggurat: Depths:1

Annotations:
D:14 1 runed translucent door, exclusion: storm dragon


Innate Abilities, Weirdness & Mutations

You have a pair of horns on your head.
You reflexively headbutt those who attack you in melee.


Message History

The ogre mage hits you but does no damage.
The quicksilver dragon bites you but does no damage.
The quicksilver dragon claws you but does no damage.
You slice the ironbound convoker!! You burn the ironbound convoker.
The ironbound convoker is severely wounded.
You slice the fire giant!! You burn the fire giant.
You slash the quicksilver dragon! You burn the quicksilver dragon.
You hit the two-headed ogre but do no damage.
The two-headed ogre closely misses you. The two-headed ogre misses you.
The ironbound convoker barely misses you.
You slash the ironbound convoker! You burn the ironbound convoker.
You headbutt the ironbound convoker, but do no damage.
The ironbound convoker is almost dead.
You hit the two-headed ogre. You burn the two-headed ogre.
You hit the quicksilver dragon but do no damage.
You barely miss the fire giant. The quicksilver dragon bites you.
* * * LOW HITPOINT WARNING * * *
The quicksilver dragon claws you but does no damage.
The fire giant hits you with a +0 great sword of flaming!!
* * * LOW HITPOINT WARNING * * *
The fire giant burns you.
* * * LOW HITPOINT WARNING * * *
A hell knight comes into view. It is wielding a +0 vorpal long sword.
The ogre mage hits you but does no damage.
You hit the ironbound convoker but do no damage.
The ironbound convoker is almost dead.
You barely miss the two-headed ogre. You hit the quicksilver dragon.
You burn the quicksilver dragon. You hit the fire giant.
The quicksilver dragon misses you. You furiously retaliate!
You headbutt the quicksilver dragon, but do no damage.
The quicksilver dragon closely misses you.
You hit the ironbound convoker. You burn the ironbound convoker.
You kill the ironbound convoker!
Trog accepts your kill.
Trog appreciates your killing of a magic user.
You slice the fire giant!! You miss the quicksilver dragon.
You barely miss the two-headed ogre.
You feel the effects of Trog's Hand fading.
The fire giant hits you with a +0 great sword of flaming!!
You die...

##...p.....# #
##...|.)$:...
#.
....$((.$...
#.#...)((|)...
#....$)}[....
#...cH}.}...
#.ODCO....#
#)@)(...#
#....#
###)..###
#....# ## .#.#
#....# #.## #.
# #....##p#.#
#. #....#.#=#
#. ........#
#. .p.....####
## .p<<.......


You could see a fire giant (empowered), a quicksilver dragon (strong), a sphinx
(empowered), a yaktaur captain, a hell knight, a two-headed ogre and an ogre
mage (empowered).

Vanquished Creatures
  4 juggernauts (Depths:4)
  Saint Roka (Vaults:1)
  A caustic shrike (Depths:2)
  3 golden dragons
  Arachne (Spider:2)
  A lich (Depths:1)
  Asterion (Spider:3)
  A walking frostbound tome (Depths:4)
  2 quicksilver dragons
  2 deep elf blademasters (Elf:3)
  An acid blob (Spider:3)
  2 deep elf master archers (Elf:3)
  A walking divine tome (Depths:4)
  2 titans (Depths:4)
  6 sphinxes
  A kraken (Shoals:2)
  Kirke (Lair:5)
  3 tengu reavers
  2 storm dragons
  The ghost of dolemite99 the Apostle, an adept HOMo of Beogh (Shoals:2)
  Ilsuiw (Shoals:4)
  4 shadow dragons
  3 fire giants
  3 deep elf sorcerers
  12 frost giants
  A draconian knight (Depths:4)
  3 iron dragons
  5 emperor scorpions
  Louise (Elf:3)
  2 ghost moths
  Aizul (Vaults:3)
  An orc warlord (Orc:2)
  A curse skull (Vaults:2)
  5 deep elf elementalists (Elf:3)
  15 ironbound preservers
  6 vault wardens
  2 spriggan defenders (Depths:4)
  13 very ugly things
  A ghoul (Vaults:2)
  A war gargoyle (Vaults:2)
  A reaper (Depths:2)
  Nessos (D:13)
  A green draconian (Depths:4)
  2 vampire knights (Depths:1)
  12 stone giants
  11 entropy weavers
  A purple draconian (Depths:4)
  A white draconian (Depths:4)
  7 deep elf annihilators
  2 yellow draconians (Depths:4)
  6 deep elf demonologists
  A black draconian (Depths:4)
  13 dire elephants
  A minotaur (Lair:1)
  6 spark wasps
  Snorg (D:11)
  A red draconian (Depths:4)
  4 merfolk javelineers
  7 ettins
  An eidolon (Vaults:2)
  The ghost of R007833r the Martial Artist, a journeyman GnWn of Ashenzari (D:12)
  7 fire dragons
  7 merfolk impalers (Shoals:4)
  4 deep elf death magi (Elf:3)
  8 great orbs of eyes
  3 jiangshi (Depths:4)
  12 yaktaur captains
  4 deep elf high priests
  5 ironbound thunderhulks
  2 ice dragons (Depths:2)
  7 hydras
  9 boulder beetles
  9 vault guards
  5 spriggan air magi
  3 ghost crabs (Lair:4)
  3 rakshasas
  2 ogre magi (D:15)
  4 catoblepae
  21 centaur warriors
  2 alligator snapping turtles
  5 ironbound frosthearts
  2 merfolk avatars (Shoals:3)
  9 merfolk aquamancers
  10 death yaks
  A death knight (D:15)
  8 death scarabs (Spider:4)
  31 dancing weapons
  16 two-headed ogres
  7 deep troll earth magi
  A vampire mage (Depths:4)
  2 satyrs
  7 tengu warriors
  A hell hog (Volcano)
  5 deep troll shamans
  6 spriggan berserkers
  10 hell knights
  4 orc high priests
  A sun demon (Depths:2)
  Nergalle (Lair:2)
  Sonja (Lair:6)
  19 deep elf knights
  6 iron trolls
  5 fire crabs (Lair:4)
  A spectral emperor scorpion (Spider:4)
  A soul eater (Depths:2)
  A skeletal warrior (Vaults:2)
  65 deep trolls
  16 sea snakes
  3 glowing orange brains
  3 spectral wolf spiders (Spider:4)
  3 wolf spider zombies (Spider:4)
  A flayed ghost (Depths:2)
  15 lindwurms
  9 wizards
  5 phantasmal warriors
  8 deep elf archers
  17 ironbound convokers
  23 deep elf zephyrmancers
  6 orc knights
  32 deep elf pyromancers
  15 harpies
  4 necromancers (Depths:4)
  47 ugly things
  7 orc sorcerers
  28 wolf spiders
  10 fauns
  A faun (shapeshifter) (Vaults:2)
  9 orb spiders
  21 manticores
  An oklob plant (Spider:3)
  A shining eye (shapeshifter) (Vaults:3)
  2 moths of wrath (Spider:4)
  11 cyclopes
  15 vault sentinels
  8 merfolk sirens
  17 elephants
  A guardian serpent (Vaults:2)
  An apocalypse crab (Lair:4)
  4 torpor snails
  6 black mambas
  11 water nymphs
  A water nymph (shapeshifter) (Vaults:3)
  A molten gargoyle (Volcano)
  2 gargoyles (D:12)
  A torpor snail (shapeshifter) (Depths:4)
  A cane toad (shapeshifter) (D:15)
  9 cane toads
  An efreet (D:14)
  A komodo dragon (shapeshifter) (Vaults:2)
  3 unseen horrors
  2 freezing wraiths (D:15)
  2 redback zombies (Spider:4)
  2 rime drakes
  25 yaktaurs
  4 tengu conjurers
  11 demonic crawlers
  A kobold demonologist (D:13)
  6 komodo dragons
  25 jumping spiders
  4 trolls
  A wind drake (shapeshifter) (Elf:3)
  A wolf spider simulacrum (D:14)
  21 merfolk
  3 spectral tarantellas (Spider:4)
  11 hornets
  3 polar bears
  6 wind drakes
  4 spectral jumping spiders (Spider:4)
  12 blink frogs
  A meliai zombie (D:10)
  3 jumping spider zombies (Spider:4)
  6 dream sheep (Lair:4)
  A tarantella zombie (Spider:4)
  12 snapping turtles
  16 slime creatures
  57 redbacks
  4 spriggans
  32 tarantellas
  72 yaks
  2 air elementals (Elf:1)
  2 wyverns (Lair:6)
  16 water elementals
  A wraith (D:9)
  4 fire elementals
  19 fire bats (Volcano)
  5 hogs (Lair:5)
  4 vampire mosquitoes (D:12)
  A vampire (D:9)
  2 neqoxecs (Depths:2)
  4 steam dragons
  5 wargs
  7 acid dragons
  A floating eye (Depths:1)
  A hell hound (Volcano)
  A floating eye (shapeshifter) (Vaults:3)
  11 water moccasins
  2 ice beasts (D:5)
  A hornet zombie (Spider:4)
  42 orc warriors
  2 spectral hornets (Spider:4)
  A sky beast (D:6)
  16 ogres
  The ghost of ytrimaz the Shield-Bearer, an amateur FoFi (D:3)
  22 centaurs
  A necrophage (D:7)
  A phantom (D:6)
  3 kobold brigands
  20 bullfrogs
  A gnoll sergeant (D:6)
  4 scorpions
  A wyvern skeleton (D:7)
  17 killer bees
  8 wights
  10 electric eels
  4 howler monkeys (D:7)
  6 lava snakes (Volcano)
  A bullfrog zombie (D:6)
  7 centaur zombies
  3 hounds
  A jelly (D:5)
  14 orc priests
  A centaur skeleton (D:7)
  2 iguanas
  Ijyb (D:3)
  23 orc wizards
  A hound skeleton (D:2)
  A mummy (D:7)
  A howler monkey zombie (D:7)
  7 gnolls
  13 adders
  2 shadow imps
  2 ufetubi (D:5)
  2 adder skeletons (D:4)
  4 worms
  A dart slug (D:2)
  85 orcs
  2 bats (D:1)
  8 endoplasms
  3 giant cockroaches
  9 goblins
  2 hobgoblins (D:9)
  4 jackals (D:4)
  24 kobolds
  2 quokkas
  6 ball pythons
  3 frilled lizards
  2 hobgoblin zombies (D:7)
  An orc zombie (D:7)
  4 rats
  2 tentacles (Shoals:2)
1764 creatures vanquished.

Vanquished Creatures (collateral kills)
  2 very ugly things (Depths:3)
  A deep elf death mage (Elf:3)
  A vault guard (Vaults:4)
  A deep elf knight (Elf:3)
  An ugly thing (Depths:3)
  A merfolk (Shoals:4)
  A hornet (Depths:2)
  A spriggan (Depths:2)
  A tarantella (Spider:2)
  2 orc warriors (Vaults:1)
12 creatures vanquished.

Vanquished Creatures (others)
  A necromancer (Depths:4)
  A merfolk siren (Shoals:2)
  A water elemental (Shoals:4)
  A floating eye (shapeshifter) (Depths:2)
  An orc warrior (Bailey)
  An orc (Bailey)
  51 fungi
  162 plants
  4 tentacles (Shoals:2)
223 creatures vanquished.

Grand Total: 1999 creatures vanquished

Notes
Turn   | Place    | Note
-------+----------+-------------------------------------------
     0 | D:1      | amoryguerra the Minotaur Berserker began the quest for the
                  | Orb.
     0 | D:1      | Reached XP level 1. HP: 19/19 MP: 0/0
   726 | D:1      | Reached XP level 2. HP: 27/27 MP: 1/1
  1287 | D:2      | Reached skill level 4 in Fighting
  1287 | D:2      | Reached XP level 3. HP: 18/33 MP: 2/2
  1700 | D:2      | Reached XP level 4. HP: 40/40 MP: 3/3
  2152 | D:3      | Found a sparkling altar of Nemelex Xobeh.
  2372 | D:3      | Noticed Ijyb
  2385 | D:3      | Killed Ijyb
  2386 | D:3      | Reached skill level 5 in Axes
  2450 | D:3      | Found an ornate altar of the Wu Jian Council.
  2649 | D:3      | Found a transporter.
  2649 | D:3      | Noticed an ogre
  2649 | D:3      | Noticed ytrimaz's ghost (amateur FoFi)
  2659 | D:3      | Identified the +1 giant club "Uskezahu" {protect, Fragile
                  | rN+ rCorr}
  2659 | D:3      | Noticed an ogre
  2961 | D:3      | Found a transporter.
  2966 | D:3      | Killed an ogre
  2967 | D:3      | Reached XP level 5. HP: 47/47 MP: 4/4
  2970 | D:3      | Killed ytrimaz's ghost
  2971 | D:3      | Reached XP level 6. HP: 55/55 MP: 5/5
  2973 | D:3      | Reached skill level 5 in Fighting
  3655 | D:4      | Reached ** piety under Trog
  3960 | D:5      | Entered Level 5 of the Dungeon
  4052 | D:5      | Reached XP level 7. HP: 61/61 MP: 6/6
  4252 | D:5      | Reached skill level 5 in Armour
  4595 | D:5      | Noticed a +0 dagger
  4595 | D:5      | Noticed a +0 dagger
  4599 | D:5      | Found a hide-covered altar of Uskayaw.
  4717 | D:5      | Found Uhim's Jewellery Shoppe.
  4783 | D:5      | Reached skill level 6 in Fighting
  4784 | D:5      | Reached skill level 5 in Dodging
  4784 | D:5      | Reached XP level 8. HP: 70/70 MP: 7/7
  5082 | D:6      | Found a staircase to the Ecumenical Temple.
  5121 | Temple   | Entered the Ecumenical Temple
  5657 | D:6      | Found an iron altar of Okawaru.
  5893 | D:6      | Reached skill level 7 in Fighting
  6569 | D:6      | Reached XP level 9. HP: 79/79 MP: 8/8
  6999 | D:6      | Reached skill level 10 in Axes
  7477 | D:7      | Identified the +7 plate armour of Githivaff {Dex+6}
  7491 | D:7      | Found a snail-covered altar of Cheibriados.
  7493 | D:7      | Found a shadowy altar of Dithmenos.
  7600 | D:7      | Reached skill level 8 in Fighting
  7843 | D:7      | Found a glowing golden altar of the Shining One.
  8026 | D:7      | Found a sacrificial altar of Ru.
  8158 | D:8      | Found a shimmering altar of Xom.
  8529 | D:8      | Found a stormy altar of Qazlal.
  8582 | D:8      | Reached XP level 10. HP: 90/90 MP: 9/9
  8585 | D:8      | Reached *** piety under Trog
  8692 | D:8      | Reached skill level 9 in Fighting
 10130 | D:9      | Found a staircase to the Orcish Mines.
 10381 | D:10     | Entered Level 10 of the Dungeon
 10616 | D:10     | Reached XP level 11. HP: 99/99 MP: 10/10
 10789 | D:10     | Found a burning altar of Makhleb.
 10857 | D:10     | Found a staircase to the Lair.
 10919 | D:10     | Reached **** piety under Trog
 10920 | D:10     | Reached skill level 10 in Fighting
 11245 | Lair:1   | Entered Level 1 of the Lair of Beasts
 11246 | Lair:1   | Upgraded the game from 0.28-a0-983-g1de4e0787c to
                  | 0.28-a0-984-g3775c662fe
 11383 | Lair:1   | Found a gate leading to a gauntlet.
 11388 | Lair:1   | Found a runed translucent door.
 11563 | Lair:1   | Noticed a minotaur
 11570 | Lair:1   | Killed a minotaur
 11925 | Lair:1   | Reached skill level 10 in Armour
 12641 | Lair:2   | Found a dark tunnel.
 12641 | Lair:2   | Noticed a lindwurm
 12647 | Lair:2   | Killed a lindwurm
 12684 | Volcano  | Entered a volcano
 12795 | Volcano  | Reached skill level 11 in Fighting
 12922 | Volcano  | Noticed a fire dragon
 12926 | Volcano  | Reached skill level 15 in Axes
 12949 | Volcano  | Found a bloodstained altar of Trog.
 12949 | Volcano  | Noticed a hell hog
 12953 | Volcano  | Reached skill level 10 in Dodging
 12954 | Volcano  | Reached XP level 12. HP: 110/110 MP: 11/11
 12960 | Volcano  | Killed a hell hog
 13035 | Volcano  | Killed a fire dragon
 13531 | Lair:2   | Noticed Nergalle
 13543 | Lair:2   | Killed Nergalle
 13772 | Lair:3   | Noticed a death yak
 13772 | Lair:3   | Noticed a death yak
 13772 | Lair:3   | Noticed a death yak
 13772 | Lair:3   | Noticed a death yak
 13772 | Lair:3   | Noticed a death yak
 13772 | Lair:3   | Noticed a boulder beetle
 13965 | Lair:2   | Killed a boulder beetle
 14050 | Lair:3   | Reached skill level 12 in Fighting
 14085 | Lair:3   | Noticed a four-headed hydra
 14096 | Lair:3   | Killed a four-headed hydra
 14351 | Lair:3   | Found a hole to the Spider Nest.
 14360 | Lair:3   | Paralysed by a hornet for 2 turns
 14457 | Lair:3   | Killed a death yak
 14462 | Lair:3   | Killed a death yak
 14464 | Lair:3   | Killed a death yak
 14464 | Lair:3   | Killed a death yak
 14467 | Lair:3   | Killed a death yak
 14589 | Lair:3   | Reached XP level 13. HP: 119/119 MP: 12/12
 15228 | Lair:4   | Found a runed translucent door.
 15249 | Lair:4   | Noticed an entropy weaver
 15266 | Lair:4   | Killed an entropy weaver
 15351 | Lair:4   | Noticed an entropy weaver
 15357 | Lair:4   | Killed an entropy weaver
 15365 | Lair:4   | Reached skill level 13 in Fighting
 15413 | Lair:4   | Noticed an entropy weaver
 15426 | Lair:4   | Killed an entropy weaver
 15618 | Lair:4   | Identified the +3 kite shield of the Shrike {Int+5}
 15650 | Lair:4   | Found a staircase to the Shoals.
 16924 | Lair:5   | Noticed Kirke
 16944 | Lair:5   | Killed Kirke
 16945 | Lair:5   | Reached XP level 14. HP: 130/130 MP: 13/13
 17686 | Lair:5   | Found a runed translucent door.
 17749 | Lair:5   | Found the +8 mithril axe "Arga" {speed, Will+}
 18007 | Lair:6   | Entered Level 6 of the Lair of Beasts
 18030 | Lair:6   | Reached skill level 14 in Fighting
 18236 | Lair:6   | Found a staircase to the Slime Pits.
 18246 | Lair:6   | Noticed Sonja
 18258 | Lair:6   | Killed Sonja
 18340 | Lair:6   | Found a viscous altar of Jiyva.
 18859 | Lair:6   | Found an iron altar of Okawaru.
 20669 | D:11     | Noticed Snorg
 20675 | D:11     | Killed Snorg
 21143 | D:12     | Found a runed translucent gate.
 21143 | D:12     | Found a runed translucent gate.
 21143 | D:12     | Found a runed translucent gate.
 21149 | D:12     | Noticed R007833r's ghost (journeyman GnWn)
 21158 | D:12     | Killed R007833r's ghost
 21356 | D:13     | Noticed Nessos
 21381 | D:13     | Killed Nessos
 21504 | D:13     | Found a gate to the Vaults.
 21650 | D:12     | Found a flagged portal.
 21659 | Bailey   | Entered a bailey
 21865 | Bailey   | Identified the +6 bardiche of Teoggoh {drain, Str+4 Int+4
                  | Stlth+}
 21870 | Bailey   | Reached skill level 15 in Fighting
 21870 | Bailey   | Reached XP level 15. HP: 141/141 MP: 14/14
 21936 | Bailey   | Reached ***** piety under Trog
 21937 | Bailey   | Reached skill level 15 in Armour
 22993 | D:12     | Reached XP level 16. HP: 149/149 MP: 15/15
 24920 | D:14     | Found Putead's Armour Shop.
 24935 | D:14     | Bought a +2 pair of boots of rampaging for 279 gold pieces
 25015 | D:14     | Received a gift from Trog
 25784 | D:14     | Found a runed translucent door.
 25786 | D:14     | Identified the ring "Duymeruq" {AC+4 Dex+2}
 25786 | D:14     | Noticed a storm dragon
 25786 | D:14     | Noticed a tengu reaver
 25889 | D:15     | Entered Level 15 of the Dungeon
 26113 | D:15     | Reached skill level 16 in Fighting
 26380 | D:15     | Identified the +1 leather armour "Onworaxir" {+Inv Int+3}
 26446 | D:15     | Found a staircase to the Depths.
 26931 | Orc:1    | Entered Level 1 of the Orcish Mines
 27279 | Orc:1    | Found Fulon's General Store.
 27392 | Orc:1    | Bought 3 scrolls of teleportation for 135 gold pieces
 27392 | Orc:1    | Bought a scroll of fear for 52 gold pieces
 27562 | Orc:2    | Entered Level 2 of the Orcish Mines
 27765 | Orc:2    | Received a gift from Trog
 28173 | Orc:2    | Reached XP level 17. HP: 160/160 MP: 16/16
 28227 | Orc:2    | Found a staircase to the Elven Halls.
 28632 | Orc:2    | Reached skill level 15 in Dodging
 28692 | Orc:2    | Found Jeepawu's General Store.
 28693 | Orc:2    | Found Hoqint's Jewellery Shop.
 28695 | Orc:2    | Found Ehadd's Antique Armour Shop.
 28695 | Orc:2    | Found Yponuiliotil's Antique Weapon Boutique.
 28753 | Orc:2    | Bought a scroll of identify for 30 gold pieces
 28753 | Orc:2    | Bought a potion of might for 60 gold pieces
 28754 | Orc:2    | Identified a scroll of acquirement
 28755 | Orc:2    | Bought a ring of protection from fire for 375 gold pieces
 28774 | Orc:2    | Bought the +2 pair of gloves of Whack-A-Mole {rPois} for
                  | 385 gold pieces
 28792 | Orc:2    | Bought the ring "Giugroatt" {Fly rElec Int+3} for 567 gold
                  | pieces
 29004 | Spider:1 | Entered Level 1 of the Spider Nest
 29071 | Spider:1 | You are sucked into a shaft and drop 1 floor!
 29428 | Spider:1 | Reached skill level 17 in Fighting
 29429 | Spider:1 | Received a gift from Trog
 29750 | Spider:2 | Noticed Arachne
 29767 | Spider:2 | Killed Arachne
 30542 | Spider:2 | Identified the +1 flail "Mapeac" {antimagic, Str+4 Stlth+}
 30794 | Spider:3 | Reached skill level 18 in Fighting
 30853 | Spider:3 | Identified the +3 kite shield of Kaud {Contam Regen+ Dex+4
                  | Stlth+}
 30853 | Spider:3 | Noticed Asterion
 30866 | Spider:3 | Received a gift from Trog
 30878 | Spider:3 | Killed Asterion
 31273 | Spider:3 | Noticed an acid blob
 31280 | Spider:3 | Killed an acid blob
 31548 | Spider:4 | Entered Level 4 of the Spider Nest
 31966 | Spider:4 | Reached XP level 18. HP: 174/174 MP: 17/17
 32001 | Spider:4 | Identified the +5 executioner's axe of Moderation {flame,
                  | Dex+3} (Trog gifted it to you on level 4 of the Spider
                  | Nest)
 32001 | Spider:4 | Received a gift from Trog
 32132 | Spider:4 | Reached skill level 19 in Fighting
 32380 | Spider:4 | Got a gossamer rune of Zot
 32720 | Spider:4 | Received a gift from Trog
 33005 | Shoals:1 | Entered Level 1 of the Shoals
 33427 | Shoals:1 | You are sucked into a shaft and drop 1 floor!
 34334 | Shoals:2 | Noticed dolemite99's ghost (adept HOMo)
 34340 | Shoals:2 | Found a runed translucent gate.
 34340 | Shoals:2 | Found a runed translucent gate.
 34340 | Shoals:2 | Found a runed translucent gate.
 34393 | Shoals:2 | Reached skill level 20 in Fighting
 34795 | Shoals:2 | Killed dolemite99's ghost
 35778 | Shoals:4 | Entered Level 4 of the Shoals
 35778 | Shoals:4 | Noticed Ilsuiw
 35871 | Shoals:4 | Found the +7 pair of quick blades "Gyre" and "Gimble"
                  | {protect}
 36091 | Shoals:4 | Identified the +9 arbalest of Annoyance {freeze, Str+2
                  | Stlth+}
 36182 | Shoals:4 | Killed Ilsuiw
 36185 | Shoals:4 | Reached XP level 19. HP: 187/187 MP: 18/18
 36460 | Shoals:4 | Reached skill level 21 in Fighting
 36556 | Shoals:4 | Got a barnacled rune of Zot
 36643 | Shoals:4 | Reached ****** piety under Trog
 36670 | Shoals:4 | Identified the +9 battleaxe of Luxury {flame, *Rage Drain
                  | +Blink Str+10} (Trog gifted it to you on level 4 of the
                  | Shoals)
 36670 | Shoals:4 | Received a gift from Trog
 36689 | Shoals:4 | HP: 9/189 [barbs]
 36949 | Shoals:4 | Found Zagrit's CLEARANCE SALE!.
 37371 | Vaults:1 | Entered Level 1 of the Vaults
 38016 | Vaults:1 | Noticed Saint Roka
 38041 | Vaults:1 | Killed Saint Roka
 38189 | Vaults:1 | Received a gift from Trog
 38538 | Vaults:1 | Reached skill level 22 in Fighting
 39292 | Vaults:2 | Cast into level 2 of the Abyss (a wizard)
 39376 | Vaults:2 | Escaped the Abyss
 39919 | Vaults:2 | Reached XP level 20. HP: 160/202 MP: 19/19
 40174 | Vaults:2 | Found a staircase to the Crypt.
 40223 | Vaults:2 | Received a gift from Trog
 40719 | Vaults:2 | Reached skill level 23 in Fighting
 41727 | Vaults:3 | Found a huge runed gate.
 41727 | Vaults:3 | Found a huge runed gate.
 41727 | Vaults:3 | Found a huge runed gate.
 41727 | Vaults:3 | Found a huge runed gate.
 41727 | Vaults:3 | Found a huge runed gate.
 41727 | Vaults:3 | Found a huge runed gate.
 41727 | Vaults:3 | Found a huge runed gate.
 41728 | Vaults:3 | Found a huge runed gate.
 41728 | Vaults:3 | Found a huge runed gate.
 41728 | Vaults:3 | Found a huge runed gate.
 41730 | Vaults:3 | Received a gift from Trog
 41766 | Vaults:3 | Found a huge runed gate.
 41766 | Vaults:3 | Found a huge runed gate.
 41766 | Vaults:3 | Found a huge runed gate.
 41766 | Vaults:3 | Found a huge runed gate.
 41766 | Vaults:3 | Found a huge runed gate.
 41766 | Vaults:3 | Found a huge runed gate.
 41766 | Vaults:3 | Found a huge runed gate.
 41767 | Vaults:3 | Found a huge runed gate.
 41768 | Vaults:3 | Found a huge runed gate.
 41777 | Vaults:3 | Found a huge runed gate.
 41777 | Vaults:3 | Found a huge runed gate.
 41777 | Vaults:3 | Found a huge runed gate.
 41777 | Vaults:3 | Found a huge runed gate.
 41777 | Vaults:3 | Found a huge runed gate.
 41777 | Vaults:3 | Found a huge runed gate.
 41777 | Vaults:3 | Found a huge runed gate.
 41778 | Vaults:3 | Found a huge runed gate.
 41779 | Vaults:3 | Found a huge runed gate.
 41787 | Vaults:3 | Found a huge runed gate.
 41787 | Vaults:3 | Found a huge runed gate.
 41787 | Vaults:3 | Found a huge runed gate.
 41787 | Vaults:3 | Found a huge runed gate.
 41787 | Vaults:3 | Found a huge runed gate.
 41787 | Vaults:3 | Found a huge runed gate.
 41787 | Vaults:3 | Found a huge runed gate.
 41788 | Vaults:3 | Found a huge runed gate.
 41848 | Vaults:3 | Paralysed by a floating eye for 2 turns
 42520 | Vaults:3 | Noticed Aizul
 42527 | Vaults:3 | Killed Aizul
 43267 | Vaults:4 | Received a gift from Trog
 43268 | Vaults:4 | Reached skill level 24 in Fighting
 43846 | Vaults:4 | Reached XP level 21. HP: 211/214 MP: 20/20
 44783 | Vaults:4 | Found Ilaz's Armour Emporium.
 45448 | Vaults:4 | Received a gift from Trog
 45723 | Elf:1    | Entered Level 1 of the Elven Halls
 46375 | Elf:1    | Paralysed by an air elemental for 1 turns
 46566 | Elf:1    | Found an ancient bone altar of Kikubaaqudgha.
 46998 | Elf:2    | Received a gift from Trog
 47035 | Elf:2    | Found Osaveed's Weapon Shop.
 47035 | Elf:2    | Found Ontec's Distillery.
 47036 | Elf:2    | Found Quomean's General Store.
 47038 | Elf:2    | Found Rudof Alud's Antique Armour Boutique.
 47085 | Elf:2    | Bought 2 potions of heal wounds for 130 gold pieces
 47085 | Elf:2    | Bought 2 potions of heal wounds for 130 gold pieces
 47085 | Elf:2    | Bought a potion of heal wounds for 65 gold pieces
 47088 | Elf:2    | Bought a potion of heal wounds for 95 gold pieces
 47088 | Elf:2    | Bought a potion of lignification for 57 gold pieces
 47088 | Elf:2    | Bought a potion of ambrosia for 152 gold pieces
 47088 | Elf:2    | Bought a potion of heal wounds for 95 gold pieces
 47274 | Elf:2    | Reached skill level 25 in Fighting
 47285 | Elf:2    | Found Witiub's Magic Scroll Emporium.
 47311 | Elf:2    | Bought a scroll of fog for 38 gold pieces
 47311 | Elf:2    | Bought a scroll of teleportation for 57 gold pieces
 47311 | Elf:2    | Bought a scroll of blinking for 142 gold pieces
 47311 | Elf:2    | Bought a scroll of summoning for 180 gold pieces
 47311 | Elf:2    | Bought 3 scrolls of teleportation for 171 gold pieces
 47311 | Elf:2    | Bought a scroll of magic mapping for 66 gold pieces
 47311 | Elf:2    | Bought a scroll of enchant armour for 142 gold pieces
 47311 | Elf:2    | Bought a scroll of enchant armour for 142 gold pieces
 47488 | Elf:2    | Found a runed translucent gate.
 47488 | Elf:2    | Found a runed translucent gate.
 47489 | Elf:2    | Found a runed translucent gate.
 48189 | Elf:2    | Received a gift from Trog
 48531 | Elf:3    | Entered Level 3 of the Elven Halls
 48830 | Elf:3    | Noticed Louise
 48841 | Elf:3    | Killed Louise
 49027 | Elf:3    | Reached XP level 22. HP: 129/224 MP: 21/21
 49033 | Elf:3    | Identified the ring of the Furies {MP+9 Str+6 Int-2 Dex+8}
 49429 | Elf:3    | Received a gift from Trog
 49552 | Elf:3    | Found the -2 hat of the Alchemist {rElec rPois rF+ rC+ rN+
                  | Will+ rMut rCorr}
 49573 | Elf:3    | Identified the +7 rapier of Salt {elec, rElec rF- MP+9
                  | Str+4}
 49582 | Elf:3    | Identified the +0 pair of gloves "Xibloq" {Rampage}
 49730 | Elf:3    | Identified the +2 pair of boots "Fausor" {rElec Will+
                  | Dex+4}
 50444 | Depths:1 | Entered Level 1 of the Depths
 50450 | Depths:1 | Found Madiugi's General Store.
 50453 | Depths:1 | Found Weul Bic's Book Shop.
 50455 | Depths:1 | Found Fummuod's Magic Scroll Boutique.
 50479 | Depths:1 | Reached skill level 26 in Fighting
 50677 | Depths:1 | Bought a scroll of magic mapping for 63 gold pieces
 50677 | Depths:1 | Bought a scroll of holy word for 135 gold pieces
 50677 | Depths:1 | Bought a scroll of fear for 63 gold pieces
 50677 | Depths:1 | Bought a scroll of enchant armour for 135 gold pieces
 50682 | Depths:1 | Bought 2 scrolls of holy word for 225 gold pieces
 50682 | Depths:1 | Bought a potion of resistance for 150 gold pieces
 50824 | Depths:1 | Found a gateway to Hell.
 51070 | Depths:1 | Found a gateway to a ziggurat.
 51191 | Depths:1 | Found a blossoming altar of Fedhas.
 52232 | Depths:2 | Received a gift from Trog
 52402 | Depths:2 | Found Zeamn's Book Emporium.
 52885 | Depths:2 | Found a radiant altar of Vehumet.
 52890 | Depths:2 | Paralysed by a floating eye for 3 turns
 52910 | Depths:2 | Noticed a golden dragon
 52926 | Depths:2 | Killed a golden dragon
 53126 | Depths:2 | Noticed a caustic shrike
 53131 | Depths:2 | Killed a caustic shrike
 53179 | Depths:2 | Identified the ring of Kowe {Ice Str+7 Dex+5}
 53304 | Depths:2 | Found a one-way gate leading to the halls of Pandemonium.
 53451 | Depths:2 | Found Jabur's Book Emporium.
 53451 | Depths:2 | Found Fiqiev's Jewellery Shop.
 53762 | Depths:3 | Found a stormy altar of Qazlal.
 54143 | Depths:3 | Found Vapramogg's General Store.
 54166 | Depths:3 | Bought a scroll of fog for 42 gold pieces
 54370 | Depths:3 | Found a one-way gate to the infinite horrors of the Abyss.
 54788 | Depths:4 | Entered Level 4 of the Depths
 54913 | Depths:4 | Received a gift from Trog
 54916 | Depths:4 | Identified the +1 hand axe "Bianac" {flame, rPois Will+
                  | MP+9 Str-3}
 54927 | Depths:4 | Noticed a juggernaut
 54935 | Depths:4 | Killed a juggernaut
 54936 | Depths:4 | Reached skill level 27 in Fighting
 55147 | Depths:4 | Noticed a juggernaut
 55154 | Depths:4 | Killed a juggernaut
 55233 | Depths:4 | Noticed a juggernaut
 55242 | Depths:4 | Killed a juggernaut
 55268 | Depths:4 | Reached XP level 23. HP: 240/240 MP: 22/22
 56431 | Depths:4 | Reached skill level 5 in Maces & Flails
 56432 | Depths:4 | Noticed a juggernaut
 56461 | Depths:4 | Killed a juggernaut
 57643 | Depths:4 | Received a gift from Trog
 57798 | Depths:4 | Found a gate to the Realm of Zot.
 58287 | Vaults:5 | Entered Level 5 of the Vaults
 58424 | Vaults:5 | HP: 5/360 [fire giant (24)]
 58424 | Vaults:5 | HP: 1/360 [fire giant (4)]
 58426 | Vaults:5 | Demolished by a fire giant

Illustrated notes

Levels and vault maps discovered:
D:1:      lightli_arrival_chessboard, layout_loops_corners,
          minmay_tree_intersection
D:2:      layout_basic
D:3:      layout_basic, nemelex_spade_bored_becter, old_standard_altar,
          gammafunk_ghost_smash, uniq_ijyb
D:4:      layout_basic
D:5:      layout_gridville, dancing_weapons_uskayaw,
          kennysheep_decorative_pillar, minmay_misc_feat_room,
          minmay_shop_enchanted_jewellery
D:6:      cheibrodos_two_vegetables, layout_loops_corners,
          okawaru_metal_pillars_1_2, minmay_temple_entry_sparse_star,
          minmay_misc_feat_chi, dk_vineyard_2
D:7:      layout_loops_ring, general_overflow_altar, grunt_temple_overflow_open,
          amethyst_overflow_temple_binary, serial_bayou_pond_e,
          grunt_ministairs_9, minmay_mini_ossuary
D:8:      layout_cave_pods, lemuel_tele_altar, lemuel_round_altar
D:9:      corexii_shack_village, layout_irregular_city, serial_park_tiny_1,
          minmay_alternating_orb
D:10:     layout_loops_ring, kennysheep_mini_moat, lair_entry_dummy
D:11:     layout_irregular_city, serial_column_ruins, column_ruins_hut,
          column_ruins_hut, column_ruins_columns_straight, column_ruins_grid_1,
          column_ruins_columns_dead_end, column_ruins_columns_straight,
          column_ruins_open_tiny, column_ruins_corridor_straight, uniq_snorg
D:12:     minmay_clustersquares, layout_loops_corners,
          ebering_ghost_rock_garden, enter_bailey_5
D:13:     layout_layer_cave, david_vaults_1, minmay_misc_feat_hallway,
          uniq_nessos
D:14:     minmay_gate_of_8, layout_stronghold, serial_shops,
          nicolae_shop_waterfront, moated_statue, nicolae_benzene_ring
D:15:     grunt_enter_depths_snipers, layout_cave_pools, serial_park_square3
          [serial_park_minivault_5x5_7], minmay_checkerbox
Temple:   eino_temple_lava
Lair:1:   dreamdust_labyrinth, layout_loops_ring, gauntlet_entry_generic
Lair:2:   layout_small_grid, nicolae_volcano_entry_vermiform,
          serial_bayou_pond_a, uniq_nergalle
Lair:3:   minmay_lair_venomous_thicket, layout_hall_layers,
          nicolae_spider_entry_non_spiders, ldierk_geyser, st_stairs_8,
          serial_bayou_shore_b
Lair:4:   gammafunk_mikee_crab_dinner, layout_regular_city, shoals_dummy_entry,
          grunt_megastairs_5, serial_bayou_shore_b, infiniplex_staircase_pool_2,
          serial_bayou_shore_a
Lair:5:   layout_cave_pods, wad_woods_river_03, pf_torpor_hydra, uniq_kirke
Lair:6:   evilmike_catoblepas_cave, layout_loops_ring, slime_altar_1,
          basic_altar, uniq_sonja
Shoals:1: layout_shoals
Shoals:2: layout_shoals, gammafunk_ghost_split, hangedman_shoals_cup_caves
Shoals:3: layout_shoals
Shoals:4: shoals_end_simple, layout_shoals, shoal_ilsuiw, nicolae_shop_clearance
Spider:1: layout_spider_delve, drop_trap, nicolae_spider_rock_and_or_roll
Spider:2: layout_spider_delve, uniq_arachne
Spider:3: layout_spider_delve, nicolae_spider_acid_house, uniq_asterion
Spider:4: floodkiller_spider_rune_tomb
Orc:1:    layout_caves, serial_shops, shop, elves_outpost_lemuel
Orc:2:    st_orc_congregation, layout_caves
Elf:1:    minmay_elf_arrival_summoners, layout_geoelf_grid, basic_altar,
          minmay_elf_annihilation
Elf:2:    nicolae_elf_blades_splatter_lattice [nicolae_blade_lattice],
          layout_gridlike, serial_shops, shop, minmay_misc_feat_alley,
          minmay_shoptagon, lemuel_upstairs_altar
Elf:3:    grunt_elf_hall_asides, layout_gridlike, uniq_louise
Vaults:1: vaults_standard_mumra_lines, hangedman_vaults_restitches,
          hangedman_vaults_stagger, hangedman_vaults_impose,
          vaults_room_corners, hangedman_vaults_snaps, vaults_room_corners,
          layout_vaults_chaotic_city, uniq_saint_roka
Vaults:2: nicolae_vaults_specimen_jars, grunt_vaults_swirl,
          grunt_vaults_hallway_long, nicolae_vaults_circle_grid_b,
          minmay_crypt_entry_simple_walls, vaults_dpeg_spiral,
          ontoclasm_vaults_chip, st_greater_box_4,
          ontoclasm_vaults_loading_screen, vaults_mumra_hexcomb, v_misc_29,
          v_misc_17, hangedman_vaults_slice, layout_vaults_omnibox
Vaults:3: v_alt_pattern_2, vaults_room_corners,
          nicolae_vaults_network_periphery, door_vault, v_pattern_3,
          vaults_mumra_chevron_long, hangedman_vaults_locks, v_misc_16,
          ontoclasm_vaults_ligature, layout_vaults_maze_bifur, uniq_aizul
Vaults:4: hangedman_vaults_hat, nicolae_vaults_twisting_passages,
          vaults_dpeg_encased_lava, nicolae_vaults_little_squares_6,
          nicolae_vaults_little_squares_4, hangedman_vaults_slither,
          nicolae_vaults_alarming, layout_vaults_omnigrid, serial_shops,
          nicolae_shop_stone
Vaults:5: serial_shops
Depths:1: layout_roguey, enter_ziggurat_c, pf_hell_entry_tar_spiral,
          fedhas_altar_2, minmay_shop_star
Depths:2: minmay_chopped_fan, layout_cave_shapes, rand_demon_pan_entry_9,
          fiery_altar_vehumet, hell_entry, minmay_staircase_bubble,
          minmay_shop_grove
Depths:3: minmay_the_grid_triangle_9x9_line_8_mashed
          [minmay_the_grid_triangle_9x9_dagger,
          minmay_the_grid_triangle_9x9_zippers_horizontal,
          minmay_the_grid_triangle_9x9_empty,
          minmay_the_grid_triangle_9x9_stretched_checkered,
          minmay_the_grid_triangle_9x9_empty,
          minmay_the_grid_triangle_9x9_zippers_vertical,
          minmay_the_grid_triangle_9x9_intruding_spiral,
          minmay_the_grid_triangle_9x9_prize_schism], layout_cave_shapes,
          hell_entry, serial_shops, shop, nicolae_qazlal_scattered_showers,
          abyss_entry, infiniplex_staircase_zigzag_5, grunt_megastairs_4
Depths:4: grunt_runaround [grunt_runaround_doors_1, grunt_runaround_doors_2,
          grunt_runaround_doors_3, grunt_runaround_doors_4,
          grunt_runaround_zot], hell_entry, serial_shops

Skill      XL: |  1  2  3  4  5  6  7  8  9 10 11 12 13 14 15 16 17 18 19 20 21 22 23 |
---------------+----------------------------------------------------------------------+-----
Axes           | 4 5 6 8 9 11 13 15 16 18 20 22 23 24 25 26 | 26.6
Fighting       | 4 5 6 7 8 9 11 12 13 15 16 18 20 22 24 25 27 | 27.0
Armour         | 3 4 5 6 8 9 10 12 13 14 15 17 19 21 22 23 24 25 | 25.3
Dodging        | 3 4 5 6 7 8 10 11 12 13 14 16 17 18 19 20 22 | 22.2
Maces & Flails | 2 3 7 |  7.2

Action                   |  1- 3 |  4- 6 |  7- 9 | 10-12 | 13-15 | 16-18 | 19-21 | 22-24 || total
-------------------------+-------+-------+-------+-------+-------+-------+-------+-------++-------
Melee: Hand axe          |    58 |    37 |       |       |       |       |       |       ||    95
       Headbutt          |     4 |    14 |    40 |    95 |   212 |   319 |   304 |   250 ||  1238
       War axe           |       |    38 |   165 |       |       |       |       |       ||   203
       Battleaxe         |       |       |    48 |   322 |   230 |  1036 |  1145 |   710 ||  3491
       Dire flail        |       |       |       |     5 |    13 |     4 |       |       ||    22
       Unarmed           |       |       |       |       |     9 |       |       |       ||     9
       Broad axe         |       |       |       |       |   317 |    97 |       |       ||   414
 Fire: Shortbow          |       |       |     9 |     7 |       |       |       |       ||    16
       Longbow           |       |       |       |       |       |    10 |       |     6 ||    16
Throw: Stone             |     6 |       |       |       |       |       |       |       ||     6
       Boomerang         |     5 |     2 |     2 |       |       |       |       |       ||     9
       Dart              |       |       |       |       |       |       |     1 |       ||     1
Invok: Berserk           |     2 |     6 |    15 |    23 |    32 |    44 |    41 |    29 ||   192
       Brothers in Arms  |       |       |       |       |     1 |     4 |     4 |     5 ||    14
       Trog's Hand       |       |       |       |       |       |       |       |     1 ||     1
  Use: Scroll            |     1 |     3 |     3 |     5 |    14 |    17 |     9 |     5 ||    57
       Potion            |       |       |       |       |     1 |       |       |     4 ||     5
 Stab: Petrifying        |       |       |       |       |     1 |       |       |       ||     1
       Distracted        |       |       |       |       |       |     1 |       |     1 ||     2
Armor: Animal skin       |     7 |       |       |       |       |       |       |       ||     7
       Leather armour    |     9 |     5 |       |       |       |       |       |       ||    14
       Scale mail        |       |    16 |    57 |       |       |       |       |       ||    73
       Plate armour      |       |       |    39 |   198 |   359 |   739 |   234 |       ||  1569
       Crystal plate arm |       |       |       |       |       |       |   460 |   504 ||   964
Dodge: Dodged            |    29 |    29 |   143 |   224 |   351 |   911 |   602 |   404 ||  2693
Block: Kite shield       |       |       |       |       |   209 |    43 |       |       ||   252

Table legend: (Time is in decaauts)
 A = Elapsed time spent in this place.
 B = Non-inter-level travel time spent in this place.
 C = Inter-level travel time spent in this place.
 D = Time resting spent in this place.
 E = Time spent auto-exploring this place.
 F = Levels seen in this place.
 G = Mean time per level.
                   A        B        C        D        E       F      G
               +--------+--------+--------+--------+--------+-----+--------+
         Total |  59357 |  57587 |   1770 |  16469 |     65 |  48 | 1236.6 |
       Dungeon |  18768 |  18039 |    729 |   4811 |      0 |  15 | 1251.2 |
        Temple |     88 |     88 |      0 |      0 |     65 |   1 |   88.0 |
          Lair |   8714 |   8354 |    360 |   2353 |      0 |   6 | 1452.3 |
        Shoals |   4126 |   4048 |     78 |    874 |      0 |   4 | 1031.5 |
   Spider Nest |   4001 |   3930 |     71 |    990 |      0 |   4 | 1000.2 |
  Orcish Mines |   2019 |   1863 |    156 |    295 |      0 |   2 | 1009.5 |
   Elven Halls |   4257 |   4132 |    125 |    822 |      0 |   3 | 1419.0 |
        Vaults |   8510 |   8355 |    155 |   2584 |      0 |   5 | 1702.0 |
        Depths |   7625 |   7532 |     93 |   3571 |      0 |   4 | 1906.2 |
         Abyss |     83 |     83 |      0 |      0 |      0 |   2 |   41.5 |
        Bailey |    685 |    685 |      0 |     56 |      0 |   1 |  685.0 |
       Volcano |    475 |    475 |      0 |    110 |      0 |   1 |  475.0 |
               +--------+--------+--------+--------+--------+-----+--------+

Top non-repeatable levels by time:
Depths:4: 3192 daAuts
Vaults:4: 2473 daAuts
Vaults:2: 2215 daAuts
     D:6: 2045 daAuts
Vaults:1: 1973 daAuts
  Lair:6: 1845 daAuts
    D:13: 1780 daAuts
  Lair:4: 1768 daAuts
Vaults:3: 1761 daAuts
Depths:2: 1649 daAuts
  Lair:5: 1621 daAuts
   Elf:2: 1594 daAuts
Depths:1: 1592 daAuts
    D:12: 1544 daAuts
     D:9: 1397 daAuts
